 Dungeon Crawl Stone Soup version 0.30-b1-2-g02819fbbbe (webtiles) character file.

Game seed: 4769155369440301169

64 Alarkh the Charlatan (level 3, 0/27 HPs)
             Began as a Demonspawn Artificer on Dec 4, 2023.
             Slain by an orc wizard
             ... wielding a +0 dagger
              (4 damage)
             ... on level 3 of the Dungeon.
             The game lasted 00:01:48 (1635 turns).

Alarkh the Charlatan (Demonspawn Artificer)         Turns: 1635, Time: 00:01:49

Health: 0/27       AC:  3    Str: 12    XL:     3   Next: 91%
Magic:  3/3        EV: 11    Int: 14    God:
Gold:   92         SH:  0    Dex: 13    Spells: 2/2 levels left

rFire   . .          .
                       - Unarmed
rCold   . . .        (no shield)
rNeg    . . .        b - +0 leather armour
rPois   .            (no helmet)
rElec   .            (no cloak)
rCorr   .            (no gloves)
SInv    .            (no boots)
Will    .....        (no amulet)
Stlth   +            l - +4 ring of slaying
HPRegen 0.24/turn    (no ring)
MPRegen 0.08/turn

%: no passive effects
@: no status effects
A: claws 1, demonic magic 1
a: no special abilities


You were on level 3 of the Dungeon.
You visited 1 branch of the dungeon, and saw 3 of its levels.

You collected 92 gold pieces.

Inventory:

Hand Weapons
 p - the +1 hand axe "Cuotzu" {venom, rElec Will- rCorr SInv}
   (You found it on level 2 of the Dungeon)

   rElec:     It insulates you from electricity.
   SInv:      It lets you see invisible.
   rCorr:     It protects you from acid and corrosion.
   Will:      It decreases your willpower.
Armour
 b - a +0 leather armour (worn)
Jewellery
 l - a +4 ring of slaying (left claw)
 n - an amulet of the acrobat
Wands
 c - a wand of flame (10) (quivered)
 d - a wand of charming (15)
 e - a wand of iceblast (5)
Scrolls
 j - 3 scrolls of identify {unknown}
 m - 2 scrolls of teleportation {unknown}
 r - a scroll of torment {unknown}
Potions
 a - a potion of berserk rage {unknown}
 f - a potion of invisibility {unknown}
 g - a potion of haste {unknown}
 h - a potion of attraction {unknown}
 i - a potion of cancellation {unknown}
 k - a potion of might {unknown}
 o - a potion of heal wounds {unknown}
 q - a potion of curing {unknown}


   Skills:
 + Level 2.1 Fighting
 - Level 1.9 Armour
 - Level 1.1 Dodging
 - Level 1.2 Stealth
 * Level 2.1 Unarmed Combat
 - Level 3.1 Evocations


You had 2 spell levels left.
You didn't know any spells.
Your spell library contained the following spells:

 Spells                   Type           Power      Damage    Failure   Level
 Cigotuvi's Dreadful Rot  Necr/Pois/Air  0%         N/A       50%         2
 Ignite Poison            Fire/Tmut/Pois 0%         N/A       73%         3
 Freezing Cloud           Conj/Ice/Air   0%         6-21      100%        5


Dungeon Overview and Level Annotations

Branches:
Dungeon (3/15)

Altars:
Nemelex Xobeh


Innate Abilities, Weirdness & Mutations

You have sharp fingernails.
Spells you cast may paralyse adjacent enemies.


Message History

The frilled lizard bites you.
You scratch the frilled lizard.
The frilled lizard is heavily wounded.
The frilled lizard bites you.
You claw the frilled lizard!
You kill the frilled lizard!
The orc hits you with a +0 club.
You barely miss the orc. The orc barely misses you.
You closely miss the orc wizard. The orc closely misses you.
The orc wizard hits you with a +0 dagger.
You claw the orc wizard!
The orc wizard is severely wounded.
The orc wizard hits you with a +0 dagger.
The orc barely misses you.
You scratch the orc.
The orc is heavily wounded.
The orc completely misses you.
You scratch the orc but do no damage.
The orc is heavily wounded.
The orc misses you.
You scratch the orc.
You kill the orc!
The orc wizard points at you and mumbles some strange words.
The magic dart hits you!
You are too injured to fight recklessly!
You are too injured to fight recklessly!
The orc wizard hits you with a +0 dagger.
* * * LOW HITPOINT WARNING * * *
Things that are here:
a +0 club; a +0 leather armour; an orc corpse You barely miss the orc wizard.
The orc wizard is heavily wounded.
The orc wizard hits you with a +0 dagger.
* * * LOW HITPOINT WARNING * * *
Aiming: Throw Flame
Press: ? - help, Shift-Dir - straight line, f - orc wizard
Aim: an orc wizard, wielding a +0 dagger and wearing a +0 robe (heavily wounded, 64% to hit)
The puff of flame misses the orc wizard.
The orc wizard hits you with a +0 dagger.
You die...

##.## #.. #.# #.#.#
###.#.# ##.## #.#.# #.#
#.#.# #.# #.#
#.######.# ##
#.##...#.# .#
###..†...#.##.##..##
...............@o..[...
.#######.####.##.######
#.# #.# .# ... ..# .#
##.####.. .# #.# #.. .#
#.# #..#.# #..#<#


You could see an orc wizard.

Vanquished Creatures
  2 adders (D:2)
  3 worms (D:2)
  2 orcs (D:3)
  2 bats (D:2)
  2 endoplasms
  A giant cockroach (D:3)
  5 hobgoblins
  2 jackals (D:1)
  3 quokkas
  3 ball pythons
  6 frilled lizards
  3 kobolds
  3 rats
37 creatures vanquished.

Notes
Turn   | Place    | Note
-------+----------+-------------------------------------------
     0 | D:1      | Alarkh the Demonspawn Artificer began the quest for the
                  | Orb.
     0 | D:1      | Reached XP level 1. HP: 15/15 MP: 1/1
    70 | D:1      | Reached skill level 1 in Dodging
    70 | D:1      | Reached skill level 1 in Stealth
   169 | D:1      | Gained mutation: You have sharp fingernails. [demonic
                  | ancestry]
   169 | D:1      | Reached XP level 2. HP: 21/21 MP: 2/2
   767 | D:2      | Found a sparkling altar of Nemelex Xobeh.
   811 | D:2      | Reached skill level 1 in Unarmed Combat
   955 | D:2      | Gained mutation: Spells you cast may paralyse adjacent
                  | enemies. [demonic ancestry]
   955 | D:2      | Reached XP level 3. HP: 27/27 MP: 3/3
  1237 | D:2      | Identified the +1 hand axe "Cuotzu" {venom, rElec Will-
                  | rCorr SInv}
  1274 | D:2      | Found a faded altar of an unknown god.
  1635 | D:3      | Slain by an orc wizard

Illustrated notes

Levels and vault maps discovered:
D:1:      reono_arrival_forest_river, layout_loops_ring
D:2:      layout_loops_cross, shapermc_ecumenical_altar_mp_vishouse, basic_altar
D:3:      layout_loops_ring, gammafunk_ghost_mausoleum, uniq_jessica

Skill      XL: |  1  2  3 |
---------------+----------+-----
Dodging        | 1 |  1.1
Stealth        | 1 |  1.2
Unarmed Combat | 1 2 |  2.1
Fighting       | 2 |  2.1
Armour         | |  1.9
Evocations     | |  3.1

Action                     || total
---------------------------++-------
  Melee: Club              ||    39
         Dagger            ||    55
         Unarmed           ||    48
  Evoke: Wand              ||     5
   Stab: Sleeping          ||     4
 Armour: Leather armour    ||    26
  Dodge: Dodged            ||    81
